 Dungeon Crawl Stone Soup version 0.30.1-11-g7821555f0a (webtiles) character file.

Game seed: 14185748190452827590

30 YellowLineWalker the Insei (level 3, 0/26 HPs)
             Began as a Human Transmuter on Nov 18, 2023.
             Slain by a goblin
             ... wielding a +0 club
             ... led by Robin
              (2 damage)
             ... on level 2 of the Dungeon.
             The game lasted 00:01:14 (197 turns).

YellowLineWalker the Insei (Human Transmuter)        Turns: 197, Time: 00:01:14

Health: 0/26       AC:  2    Str: 12    XL:     3   Next: 35%
Magic:  2/6        EV: 12    Int: 13    God:
Gold:   21         SH:  0    Dex: 13    Spells: 3/6 levels left

rFire   . .          .
                       - Unarmed
rCold   . . .        (no shield)
rNeg    . . .        a - +0 robe
rPois   .            (helmet currently unavailable)
rElec   .            (no cloak)
rCorr   .            (no gloves)
SInv    .            (boots currently unavailable)
Will    .....        (no amulet)
Stlth   +            (no ring)
HPRegen 0.24/turn    (no ring)
MPRegen 0.10/turn

%: no passive effects
@: appendages, wereblooded
A: horns 2, talons 2
a: End Transformation


You were on level 2 of the Dungeon.
You had temporarily grown beastly horns and talons.
You visited 1 branch of the dungeon, and saw 2 of its levels.

You collected 21 gold pieces.

Inventory:

Armour
 a - a +0 robe (worn)
Scrolls
 c - a scroll of noise {unknown}
Potions
 b - a potion of lignification


   Skills:
 * Level 1.2 Fighting
 * Level 0.7 Armour
 * Level 2.2 Dodging
 * Level 0.3 Stealth
 * Level 3.3 Unarmed Combat
 * Level 2.2 Spellcasting
 * Level 2.2 Transmutations


You had 3 spell levels left.
You knew the following spells:

 Your Spells              Type           Power      Damage    Failure   Level
a - Beastly Appendage     Tmut           14%        N/A       10%         1
b - Wereblood             Tmut           7%         N/A       16%         2

Your spell library contained the following spells:

 Spells                   Type           Power      Damage    Failure   Level
 Spider Form              Tmut/Pois      4%         N/A       43%         3
 Ice Form                 Ice/Tmut       4%         N/A       83%         4


Dungeon Overview and Level Annotations

Branches:
Dungeon (2/15)

Altars:


Innate Abilities, Weirdness & Mutations

You have temporarily grown beastly horns and talons.


Message History

A hobgoblin and 2 goblins come into view.
The goblin shouts! x2
The hobgoblin hits you.
You hit the hobgoblin. You headbutt the hobgoblin.
You feel a bit better.
You kill the hobgoblin!
You hear a shout!
A goblin comes into view. It is wielding a +0 club.
The goblin hits you but does no damage. Robin throws the goblin at you!
The goblin closely misses you. The goblin hits you with a +0 club.
You see here a hobgoblin corpse.
You hit Robin. You headbutt Robin!
Robin is severely wounded.
The goblin barely misses you. Robin hits you with a +0 whip.
The goblin barely misses you. The goblin hits you with a +0 club.
You hit Robin.
Robin is almost dead.
The goblin hits you but does no damage. The goblin hits you with a +0 club.
A goblin comes into view. It is wielding a +0 club.
The goblin hits you with a +0 club.
* * * LOW HITPOINT WARNING * * *
You hit Robin.
You feel a bit better.
You kill Robin!
Your horns disappear.
Your talons disappear.
The goblin hits you but does no damage. The goblin hits you with a +0 club. x2
* * * LOW HITPOINT WARNING * * *
You have reached level 3!
Your experience leads to an increase in your attributes!
Increase (S)trength, (I)ntelligence, or (D)exterity?
You feel stronger. x2
You hit the goblin but do no damage. The goblin closely misses you.
The goblin hits you with a +0 club.
* * * LOW HITPOINT WARNING * * *
The goblin hits you with a +0 club.
* * * LOW HITPOINT WARNING * * *
The goblin misses you.
Casting: Beastly Appendage (safe; 10% risk of failure)
Press: ? - help, Q - select action, (/) - cycle Dir - look around, f - activate You grow a pair of large bovine horns.
Your feet morph into talons.
The goblin hits you with a +0 club.
You die...

#. . .#
##. .[ g#
##g#g#
##@ggg#
#g#g#.#
#†#...
#<###.#
##.......
#######


You could see 2 hobgoblins and 6 goblins.

Vanquished Creatures
  Robin (D:2)
  2 dart slugs (D:1)
  2 endoplasms (D:1)
  6 hobgoblins
  A ball python (D:1)
  A kobold (D:1)
  A rat (D:1)
14 creatures vanquished.

Notes
Turn   | Place    | Note
-------+----------+-------------------------------------------
     0 | D:1      | YellowLineWalker the Human Transmuter began the quest for
                  | the Orb.
     0 | D:1      | Reached XP level 1. HP: 15/15 MP: 3/3
    88 | D:1      | Reached XP level 2. HP: 5/21 MP: 3/5
   181 | D:1      | Learned a level 2 spell: Wereblood
   188 | D:2      | Noticed Robin
   195 | D:2      | Killed Robin
   196 | D:2      | Reached XP level 3. HP: 5/26 MP: 3/6
   197 | D:2      | Slain by a goblin

Illustrated notes

Levels and vault maps discovered:
D:1:      shiori_arrival_oz, layout_loops_ring,
          shapermc_ecumenical_altar_mp_ritualfount, hex_tiny
D:2:      layout_loops_ring, uniq_robin

Action                     || total
---------------------------++-------
  Melee: Unarmed           ||    27
         Kick              ||     8
         Headbutt          ||     5
   Cast: Beastly Appendage ||     7
         Wereblood         ||     1
 Armour: Robe              ||     3
  Dodge: Dodged            ||    19
